 Dungeon Crawl Stone Soup version bcrawl-1.12-8-g964540c432 (webtiles) character file.

Game seed: 7074392106217396774

36 MisterOstroum the Covered (level 3, 34/34 HPs)
             Began as a Deep Dwarf Fighter on June 3, 2019.
             Was a Believer of Elyvilon.
             Quit the game on level 1 of the Dungeon.
             The game lasted 00:03:24 (739 turns).

MisterOstroum the Covered (Deep Dwarf Fighter)       Turns: 739, Time: 00:03:25

Health: 34/34      AC:  7    Str: 20    XL:     3   Next: 19%
Magic:  3/3        EV:  7    Int:  8    God:    Elyvilon [**....]
Gold:   53         SH:  9    Dex: 12    Spells: 2/2 levels left

rFire    . . .     SeeInvis .   a - +0 war axe
rCold    . . .     Gourm    .   c - +0 shield
rNeg     . . .     Faith    .   b - +0 scale mail
rPois    .         Spirit   .   (no helmet)
rElec    .         Reflect  .   (no cloak)
rCorr    .         Harm     .   (no gloves)
MR       .....                  (no boots)
Stlth    ..........             (no amulet)
HPRegen  0.00/turn              (no ring)
MPRegen  0.08/turn              (no ring)

@: non-regenerating
A: damage resistance, sense surroundings 1, no regeneration
a: Lesser Healing, Heal Other, Divine Protection, Renounce Religion


You were on level 1 of the Dungeon.
You worshipped Elyvilon.
Elyvilon was pleased with you.
You were not hungry.

You visited 1 branch of the dungeon, and saw 1 of its levels.

You collected 53 gold pieces.

Inventory:

Hand Weapons
 a - a +0 war axe (weapon)
Missiles
 i - 236 stones (quivered)
Armour
 b - a +0 scale mail (worn)
 c - a +0 shield (worn)
Jewellery
 f - a cursed amulet of the gourmand {unknown}
Scrolls
 h - 4 scrolls of identify {unknown}
 j - a scroll of enchant armour {unknown}
Potions
 d - 2 potions of might {@q3 !q}
 k - 3 potions of flight {unknown}
 l - a potion of haste {unknown}
Comestibles
 e - 3 rations {!d}
 g - a chunk of flesh


   Skills:
 + Level 3.3 Fighting
 + Level 2.7 Axes
 + Level 3.7 Armour
 + Level 3.7 Shields


You had 2 spell levels left.
You didn't know any spells.
Your spell library was empty.

Dungeon Overview and Level Annotations

Branches:
Dungeon (1/12)

Altars:


Innate Abilities, Weirdness & Mutations

You are resistant to damage.
You passively map a small area around you.
You do not regenerate.


Message History

You throw a stone.
The stone hits the bat but does no damage.
You block the bat's attack.
You barely miss the bat. The bat hits you but does no damage. x2
Throwing (i - inventory)
i - 236 stones (quivered)
Press: ? - help, Shift-Dir - straight line, f/p - bat
Aim: a bat You throw a stone.
The stone hits the bat.
The bat is moderately wounded.
The bat barely misses you. You block the bat's attack.
You completely miss the bat.
The bat is moderately wounded.
The bat barely misses you. x3; The bat hits you but does no damage.
Your shield prevents you from hitting the bat.
The bat is moderately wounded.
The bat barely misses you.
Throwing (i - inventory)
i - 235 stones (quivered)
Press: ? - help, Shift-Dir - straight line, f/p - bat
Aim: a bat (moderately wounded)
You throw a stone.
The stone hits the bat but does no damage.
The bat is moderately wounded.
You block the bat's attack. The bat barely misses you.
You closely miss the bat.
The bat is moderately wounded.
You block the bat's attack. x2
You hit the bat.
You kill the bat!
No target in view!
You butcher the bat corpse.
g - 3 chunks of flesh (gained 1)
You see here a bat skeleton. x2
A dart slug comes into view.
A dart slug is nearby!
Throwing (i - inventory)
i - 234 stones (quivered)
Press: ? - help, Shift-Dir - straight line, f - dart slug
Aim: a dart slug (clinging)
You throw a stone. The stone hits the dart slug.
The dart slug is lightly wounded.
You hit the dart slug.
The dart slug is heavily wounded.
You block the dart slug's attack.
You hit the dart slug.
The dart slug is severely wounded.
The dart slug bites you but does no damage.
You hit the dart slug.
The dart slug is almost dead.
The dart slug bites you but does no damage.
Your scale mail prevents you from hitting the dart slug.
The dart slug is almost dead.
The dart slug launches a dart at you. The slug dart hits you!
You are too injured to fight recklessly!
A dart slug is nearby!
You are too injured to fight recklessly!
You are too injured to fight recklessly!
You are too injured to fight recklessly!
You hit the dart slug.
You kill the dart slug!
Okay, then.
You are healed.
You feel somewhat more hungry.
Saving game... please wait.
Welcome back, MisterOstroum the Deep Dwarf Fighter.
Elyvilon says: Go forth and aid the weak!
Press ? for a list of commands and other information.
You start resting.
Magic restored.
You are healed.
You feel somewhat more hungry.
Some of the chunks of flesh in your inventory have rotted away.
A kobold comes into view. It is wielding a +0 dagger.
The kobold shouts!
You block the kobold's attack.
You closely miss the kobold. You block the kobold's attack. x2
You slash the kobold!
You kill the kobold!
Okay, then.
i - 237 stones (gained 4)
You see here a +0 dagger.
Unknown command.
Unknown command.
Unknown command.
Unknown command.
Unknown command.
Unknown command.
Unknown command.
Unknown command.
Unknown command.
Unknown command.
Throwing (i - inventory)
i - 237 stones (quivered)
Press: ? - help, Shift-Dir - straight line You throw a stone.
Unknown command.
Unknown command.
Unknown command.
Unknown command.
Unknown command.
Welcome back, MisterOstroum the Deep Dwarf Fighter.
Elyvilon says: Go forth and aid the weak!
Press ? for a list of commands and other information.
Are you sure you want to abandon this character and quit the game? (Confirm with "yes".)

#.#
#.##### ##
#.# #.# #.
#.# #.###
#. #.#
#...# #.
#.# ###.#
#. #.# #.#
#. #.# #.#
#. ##.##
#.#####.
#.@)#*
#.......
#.#......#
#######.
#...####.#
## ##### >
* #### ,
#..รท #.##
* *#.#..


There were no monsters in sight!

Vanquished Creatures
  2 worms (D:1)
  2 dart slugs (D:1)
  3 bats (D:1)
  2 giant cockroaches (D:1)
  2 goblins (D:1)
  5 hobgoblins (D:1)
  2 frilled lizards (D:1)
  6 kobolds (D:1)
  A rat (D:1)
25 creatures vanquished.

Notes
Turn   | Place    | Note
-------+----------+-------------------------------------------
     0 | D:1      | MisterOstroum the Deep Dwarf Fighter began the quest for
                  | the Orb.
     0 | D:1      | Reached XP level 1. HP: 21/21 MP: 1/1
   121 | D:1      | Reached XP level 2. HP: 26/28 MP: 2/2
   375 | D:1      | Reached ** piety under Elyvilon
   500 | D:1      | Reached XP level 3. HP: 23/34 MP: 3/3
   739 | D:1      | Quit the game

Action                   || total
-------------------------++-------
Melee: War axe           ||    88
Throw: Stone             ||    31
Invok: Lesser Healing    ||     2
Armor: Scale mail        ||    32
Dodge: Dodged            ||    25
Block: Shield            ||    52
